 Dungeon Crawl Stone Soup version 0.27-a0-1416-g941b2bd30b (webtiles) character file.

Game seed: 14791685778692474614

14791 wesbby the Basher (level 11, -8/156 HPs)
             Began as a Minotaur Berserker on July 1, 2021.
             Was a High Priest of Trog.
             Succumbed to a wolf spider's poison
             ... on level 2 of the Lair of Beasts.
             The game lasted 00:22:48 (11130 turns).

wesbby the Basher (Minotaur Berserker)             Turns: 11130, Time: 00:22:48

Health: -8/156     AC: 13    Str: 26    XL:     11   Next: 93%
Magic:  19/19      EV: 11    Int:  7    God:    Trog [*****.]
Gold:   556        SH: 14    Dex: 13    Spells: 10/10 levels left

rFire    . . .     SeeInvis +   i - +3 mace (drain)
rCold    . . .     Faith    .   j - +2 kite shield
rNeg     + + .     Spirit   .   D - +5 scale mail of the Blue Moon {Rampage Regen+ MP+9 Dex+4}
rPois    .         Reflect  .   (helmet restricted)
rElec    .         Harm     .   (no cloak)
rCorr    .         Rampage  +   (no gloves)
Will     .....                  (no boots)
Stlth    ..........             v - amulet of regeneration
HPRegen  2.36/turn              F - ring "Jaum" {rN++ Int+3 SInv}
MPRegen  0.16/turn              (no ring)

@: berserking (expiring), lethally poisoned (-8 -> -60), very quick
A: horns 2, retaliatory headbutt
a: Renounce Religion, Berserk, Trog's Hand, Brothers in Arms


You were on level 2 of the Lair of Beasts.
You worshipped Trog.
Trog was extremely pleased with you.
You visited 2 branches of the dungeon, and saw 12 of its levels.

You collected 700 gold pieces.
You spent 144 gold pieces at shops.

Inventory:

Hand Weapons
 a - a +0 mace
 i - a +3 mace of draining (weapon)
Missiles
 q - a curare-tipped dart
 G - 4 throwing nets (quivered)
Armour
 b - a +0 animal skin
 j - a +2 kite shield (worn)
 p - a +0 chain mail
 u - quicksilver dragon scales
 D - the +5 scale mail of the Blue Moon (worn) {Rampage Regen+ MP+9 Dex+4}
   (You found it on level 8 of the Dungeon)

   Dex:       It affects your dexterity (+4).
   MP:        It affects your magic capacity (+9).
   Regen:     It increases your rate of health regeneration.
   Rampage:   It bestows one free step when moving towards enemies.
Jewellery
 v - an amulet of regeneration (around neck)
 w - an amulet of the acrobat
 y - a ring of wizardry
 B - a ring of magical power
 F - the ring "Jaum" (left hand) {rN++ Int+3 SInv}
   (You found it on level 8 of the Dungeon)

   [ring of see invisible]

   Int:       It affects your intelligence (+3).
   rN:        It greatly protects you from negative energy.
   SInv:      It lets you see invisible.
 H - a ring of protection from fire
 I - a ring of magical power
Wands
 m - a wand of flame (22)
 z - a wand of iceblast (5)
 K - a wand of paralysis (11)
Scrolls
 c - 2 scrolls of fog
 f - a scroll of silence
 g - a scroll of teleportation
 k - a scroll of fear
 n - 4 scrolls of vulnerability
 o - 5 scrolls of identify
 s - 6 scrolls of noise
 A - a scroll of torment {unknown}
 C - a scroll of summoning {unknown}
 E - 3 scrolls of immolation {unknown}
 J - a scroll of blinking
Potions
 d - 2 potions of berserk rage
 e - a potion of haste {unknown}
 h - 3 potions of flight
 l - 4 potions of curing
 r - 2 potions of degeneration {unknown}
 t - 2 potions of brilliance
 x - a potion of invisibility


   Skills:
 * Level 12.2 Fighting
 * Level 14.4 Maces & Flails
 + Level 8.7 Armour
 + Level 6.5 Dodging
 + Level 8.4 Shields


You had 10 spell levels left.
You didn't know any spells.
Your spell library was empty.

Dungeon Overview and Level Annotations

Branches:
Dungeon (10/15)            Temple (0/1) D:6            Lair (2/6) D:10
  Swamp (0/4) Lair:2       Spider (0/4) Lair:2          Orc (0/2) D:9

Altars:
Ashenzari
Cheibriados
Elyvilon
Fedhas
Makhleb
Qazlal
Sif Muna
Trog
Vehumet
Wu Jian
Yredelemnul
Zin

Shops:
D:3 [([((   D:8 (

Annotations:
D:7 exclusion: oklob plant


Innate Abilities, Weirdness & Mutations

You have a pair of horns on your head.
You reflexively headbutt those who attack you in melee.


Message History

The wolf spider bites you but does no damage.
You block the wolf spider's attack.
The wolf spider bites you but does no damage.
You feel extremely sick. You block the wolf spider's attack.
The wolf spider bites you.
* * * LOW HITPOINT WARNING * * *
You block the wolf spider's attack. x2
You feel a strong urge to attack something.
You feel extremely sick.
You sock the wolf spider! Your headbutt misses the wolf spider.
The wolf spider is heavily wounded.
You feel extremely sick. The wolf spider closely misses you.
The wolf spider bites you but does no damage.
The wolf spider hits you.
* * * LOW HITPOINT WARNING * * *
You block the wolf spider's attack.
You barely miss the wolf spider.
The wolf spider is lightly wounded.
You feel very sick. You block the wolf spider's attack. x2
The wolf spider hits you but does no damage.
The wolf spider bites you!
* * * LOW HITPOINT WARNING * * *
You are lethally poisoned!
The wolf spider poisons you!
You thump the wolf spider!
The wolf spider is severely wounded.
* * * LOW HITPOINT WARNING * * *
You feel extremely sick.
The wolf spider hits you but does no damage.
The wolf spider bites you!
* * * LOW HITPOINT WARNING * * *
You are more poisoned.
The wolf spider poisons you! The wolf spider hits you.
* * * LOW HITPOINT WARNING * * *
You block the wolf spider's attack.
You closely miss the wolf spider.
The wolf spider is severely wounded.
You die...

#....#.#
#.#...###
###...##
##....# >..#
##....##
....###....##
.^s.^#.....#
#..s^##..###
#..^s.#.s@#
#..^##ss##
#^^.##s.#
#.....##
#.....#
......s..##
.....#####
.####


You could see 3 wolf spiders and a jumping spider.

Vanquished Creatures
  Harold (D:7)
  2 two-headed ogres
  Pikel (D:4)
  A black mamba (Lair:2)
  2 cane toads
  3 komodo dragons
  A polar bear (Lair:2)
  3 blink frogs (Lair:1)
  A shadow (D:10)
  4 fire bats (D:9)
  22 yaks
  2 steam dragons
  10 water moccasins
  Duvessa (D:7)
  A hell hound (D:9)
  3 orc warriors
  An ice beast (D:6)
  2 black bears
  A necrophage (D:6)
  2 ogres
  17 wolves (Lair:1)
  A centaur (D:8)
  A lemure (D:4)
  A phantom (D:6)
  3 bullfrogs (Lair:1)
  A kobold brigand (D:9)
  A wyvern zombie (D:9)
  A gnoll sergeant (D:9)
  4 scorpions
  A wyvern skeleton (D:7)
  A water moccasin zombie (D:6)
  Dowan (D:7)
  2 electric eels (D:8)
  A howler monkey (D:7)
  A crimson imp (D:9)
  4 centaur zombies
  2 jellies
  3 orc priests
  3 hounds
  4 orc wizards
  2 howler monkey zombies
  Robin (D:3)
  15 gnolls
  4 adders
  4 white imps
  An ufetubus (D:3)
  2 worms
  6 dart slugs
  22 orcs
  4 endoplasms
  6 giant cockroaches
  13 goblins
  12 hobgoblins
  11 jackals
  9 kobolds
  7 quokkas
  3 ball pythons
  4 bats
  7 frilled lizards
  7 rats
257 creatures vanquished.

Vanquished Creatures (others)
  A wizard (D:9)
  A bullfrog (D:9)
  18 fungi
  52 plants
72 creatures vanquished.

Grand Total: 329 creatures vanquished

Notes
Turn   | Place    | Note
-------+----------+-------------------------------------------
     0 | D:1      | wesbby the Minotaur Berserker began the quest for the Orb.
     0 | D:1      | Reached XP level 1. HP: 19/19 MP: 0/0
    30 | D:1      | Reached XP level 2. HP: 9/27 MP: 1/1
   458 | D:1      | Reached skill level 4 in Maces & Flails
   722 | D:1      | Reached XP level 3. HP: 33/34 MP: 2/2
   731 | D:1      | Reached ** piety under Trog
  1208 | D:1      | Found a faded altar of an unknown god.
  1653 | D:2      | Reached XP level 4. HP: 20/41 MP: 3/3
  2020 | D:2      | Reached skill level 5 in Maces & Flails
  2724 | D:3      | Found Gilehabu's Armour Shop.
  2730 | D:3      | Found Isuwy's Antique Weapon Emporium.
  2778 | D:3      | Reached *** piety under Trog
  2780 | D:3      | Found a glowing drain.
  2878 | D:3      | Found Kucin's Antique Armour Shop.
  2884 | D:3      | Found a shimmering blue altar of Sif Muna.
  2897 | D:3      | Reached skill level 5 in Fighting
  3001 | D:3      | Reached XP level 5. HP: 38/48 MP: 4/4
  3073 | D:3      | Found an ornate altar of the Wu Jian Council.
  3098 | D:3      | Noticed Robin
  3117 | D:3      | Killed Robin
  3639 | D:3      | Found Utzik's Weapon Boutique.
  3776 | D:3      | Found Asitziej's Antique Weapon Shoppe.
  3784 | D:3      | Bought a runed mace for 144 gold pieces
  4326 | D:4      | Noticed Pikel
  4326 | D:4      | Noticed a lemure
  4326 | D:4      | Noticed a lemure
  4326 | D:4      | Noticed a lemure
  4327 | D:4      | Noticed a lemure
  4353 | D:4      | Killed a lemure
  4360 | D:4      | Killed Pikel
  4361 | D:4      | Reached skill level 8 in Maces & Flails
  4361 | D:4      | Reached XP level 6. HP: 38/57 MP: 5/5
  4361 | D:4      | Reached XP level 7. HP: 42/63 MP: 6/6
  5210 | D:5      | Entered Level 5 of the Dungeon
  5410 | D:5      | Found a stormy altar of Qazlal.
  5442 | D:5      | Reached skill level 9 in Maces & Flails
  5828 | D:5      | Found a snail-covered altar of Cheibriados.
  5997 | D:6      | Reached XP level 8. HP: 68/71 MP: 7/7
  6128 | D:6      | Reached **** piety under Trog
  6252 | D:6      | Reached skill level 10 in Maces & Flails
  6354 | D:6      | Reached skill level 1 in Shields
  6531 | D:6      | Found a staircase to the Ecumenical Temple.
  6653 | D:6      | Reached skill level 11 in Maces & Flails
  7011 | D:7      | Reached XP level 9. HP: 71/81 MP: 8/8
  7163 | D:7      | You fall into a shaft and drop 3 floors!
  7163 | D:10     | Entered Level 10 of the Dungeon
  7362 | D:10     | Reached skill level 5 in Armour
  7368 | D:10     | Reached skill level 12 in Maces & Flails
  7463 | D:10     | Noticed a two-headed ogre
  7687 | D:8      | Found a broken altar of Ashenzari.
  7722 | D:8      | Identified the +5 scale mail of the Blue Moon {Rampage
                  | Regen+ MP+9 Dex+4}
  7884 | D:8      | Found Zupp's Antique Weapon Shop.
  8106 | D:8      | Noticed a two-headed ogre
  8111 | D:8      | Killed a two-headed ogre
  8112 | D:8      | Reached skill level 5 in Dodging
  8112 | D:8      | Reached XP level 10. HP: 68/92 MP: 9/9
  8133 | D:8      | Identified the ring "Jaum" {rN++ Int+3 SInv}
  8425 | D:7      | Reached ***** piety under Trog
  8451 | D:7      | Noticed Dowan
  8451 | D:7      | Noticed Harold
  8452 | D:7      | Noticed Duvessa
  8466 | D:7      | Killed Harold
  8467 | D:7      | Reached skill level 10 in Fighting
  8468 | D:7      | Killed Dowan
  8474 | D:7      | Killed Duvessa
  8535 | D:7      | Found a blossoming altar of Fedhas.
  8555 | D:7      | Noticed an oklob plant
  8793 | D:9      | Reached skill level 13 in Maces & Flails
  8873 | D:9      | Found a staircase to the Orcish Mines.
  8898 | D:9      | Found a glowing silver altar of Zin.
  8938 | D:9      | Found a bloodstained altar of Trog.
  8939 | D:9      | Noticed a wizard
  8944 | D:9      | Killed a wizard
  9157 | D:9      | Found a burning altar of Makhleb.
  9157 | D:9      | Found a radiant altar of Vehumet.
  9216 | D:9      | Reached skill level 5 in Shields
  9428 | D:10     | Found a white marble altar of Elyvilon.
  9452 | D:10     | Killed a two-headed ogre
  9453 | D:10     | Reached XP level 11. HP: 95/101 MP: 10/10
  9497 | D:10     | Found a staircase to the Lair.
  9614 | D:10     | Found a basalt altar of Yredelemnul.
  9831 | Lair:1   | Entered Level 1 of the Lair of Beasts
  9848 | Lair:1   | Reached skill level 14 in Maces & Flails
 10919 | Lair:2   | Found a staircase to the Swamp.
 11109 | Lair:2   | Found a hole to the Spider Nest.
 11109 | Lair:2   | Noticed a wolf spider
 11109 | Lair:2   | Noticed a wolf spider
 11109 | Lair:2   | Noticed a wolf spider
 11129 | Lair:2   | HP: 6/156 [wolf spider (9)]
 11129 | Lair:2   | HP: 2/156 [wolf spider (4)]
 11130 | Lair:2   | Succumbed to a wolf spider's poison

Illustrated notes

Levels and vault maps discovered:
D:1:      psy_arrival_dodecagon, layout_loops_ring,
          shapermc_ecumenical_altar_mp_highgroup
D:2:      layout_basic, minmay_pentomino_r4
D:3:      layout_loops_ring, minitemple, serial_shops, shop, shop_fountains,
          nicolae_shop_stone, nicolae_shop_overgrown_old_shop, shop,
          portal_sewer_entry_f, uniq_robin
D:4:      layout_layer_cave, uniq_pikel
D:5:      cheibrodos_helix_gallery, layout_rooms, slow_altar_2,
          grunt_qazlal_clouds
D:6:      layout_cave_pods, minmay_temple_entry_proselytizer
D:7:      layout_loops_ring, tgw_fedhas, uniq_duvessa, uniq_harold
D:8:      layout_basic, general_overflow_altar, serial_shops, shop,
          serial_bayou_ford_a
D:9:      layout_roguey, zin_scriptorium,
          grunt_temple_overflow_lords_of_destruction, trog_wizard,
          hangedman_incinerator
D:10:     layout_roguey, kennysheep_ying_yang, grunt_lair_entry_orc_guard_hut,
          serial_bayou, serial_bayou_pond_a, serial_bayou_pond_c,
          serial_bayou_pond_d, serial_bayou_pond_e, kennysheep_generic_room_2
Lair:1:   layout_cave_pods, beast_lair_carwin_7, grunt_megastairs_3,
          serial_bayou_shore_a
Lair:2:   layout_concentric_octagons, swamp_mist, spider_nest_entry_funnel_web,
          hangedman_lair_generics_rect

Skill      XL: |  1  2  3  4  5  6  7  8  9 10 11 |
---------------+----------------------------------+-----
Fighting       | 4 5 6 8 9 10 12 | 12.2
Maces & Flails | 4 5 8 9 11 12 13 14 | 14.4
Dodging        | 3 4 5 6 |  6.5
Armour         | 3 5 7 8 |  8.7
Shields        | 1 3 5 8 |  8.4

Action                   |  1- 3 |  4- 6 |  7- 9 | 10-12 || total
-------------------------+-------+-------+-------+-------++-------
Melee: Mace              |   111 |   111 |   214 |   328 ||   764
       Headbutt          |    10 |    16 |    43 |    85 ||   154
Invok: Berserk           |       |     2 |     2 |     5 ||     9
       Brothers in Arms  |       |       |     1 |       ||     1
  Use: Scroll            |       |       |    19 |     7 ||    26
       Potion            |       |       |     1 |     1 ||     2
 Stab: Sleeping          |     1 |       |       |       ||     1
Armor: Animal skin       |    30 |    16 |     2 |       ||    48
       Chain mail        |       |       |    17 |       ||    17
       Quicksilver drago |       |       |   102 |       ||   102
       Scale mail        |       |       |    12 |    89 ||   101
Dodge: Dodged            |    86 |    69 |    96 |   132 ||   383
Block: Kite shield       |       |       |    80 |   256 ||   336

Table legend: (Time is in decaauts)
 A = Elapsed time spent in this place.
 B = Non-inter-level travel time spent in this place.
 C = Inter-level travel time spent in this place.
 D = Time resting spent in this place.
 E = Time spent auto-exploring this place.
 F = Levels seen in this place.
 G = Mean time per level.
                   A        B        C        D        E       F      G
               +--------+--------+--------+--------+--------+-----+--------+
         Total |  11262 |   9961 |   1301 |      0 |   7414 |  12 |  938.5 |
       Dungeon |   9955 |   8728 |   1227 |      0 |   6424 |  10 |  995.5 |
          Lair |   1307 |   1233 |     74 |      0 |    990 |   2 |  653.5 |
               +--------+--------+--------+--------+--------+-----+--------+

Top non-repeatable levels by time:
     D:4: 1409 daAuts
     D:2: 1386 daAuts
     D:1: 1357 daAuts
     D:3: 1284 daAuts
  Lair:1: 1107 daAuts
     D:6: 916 daAuts
     D:8: 910 daAuts
    D:10: 878 daAuts
     D:9: 618 daAuts
     D:7: 614 daAuts
     D:5: 579 daAuts
  Lair:2: 200 daAuts
